 Dungeon Crawl Stone Soup version 0.31.0-10-gcf4a605ca0 (webtiles) character file.

Game seed: 454732153235661507

189275 SnakkuSnakku7 the Brawler (level 18, -21/166 HPs)
             Began as a Ghoul Summoner on Jan 26, 2024.
             Was the Champion of Uskayaw.
             Shot with an arrow by a deep elf master archer (27 damage)
             ... on level 3 of the Elven Halls.
             The game lasted 00:47:22 (30816 turns).

SnakkuSnakku7 the Brawler (Ghoul Summoner)         Turns: 30816, Time: 00:47:23

Health: -21/166    AC: 23    Str: 20      XL:     18   Next: 57%
Magic:  0/26       EV: 10    Int: 15 (16) God:    Uskayaw [******]
Gold:   537        SH: 11    Dex:  9      Spells: 20/20 levels left

rFire   . .          .
                       - Unarmed
rCold   + . .        S - +0 kite shield
rNeg    + + +        D - +2 chain mail {Will+}
rPois   ∞            c - +3 crown of Dyrovepreva {rElec Int+2 SInv}
rElec   +            A - +2 cloak
rCorr   .            (no gloves)
SInv    +            s - +2 pair of boots
Will    ++...        C - amulet of guardian spirit Stlth
                     n - +4 ring of slaying
HPRegen 0.00/turn    T - ring of flight
MPRegen 0.20/turn

%: guardian spirit
@: flying, inhibited regen, studying Conjurations
A: claws 1, cold resistance 1, negative energy resistance 3, inhibited
regeneration, torment resistance 2, devour on kill
a: Renounce Religion, Stomp, Line Pass, Grand Finale


You were on level 3 of the Elven Halls.
You worshipped Uskayaw.
Uskayaw was aware of your devotion.
You visited 5 branches of the dungeon, and saw 26 of its levels.
You visited the Abyss 1 time.
You visited 1 bazaar.
You also visited: Sewer.

You collected 4334 gold pieces.
You spent 3797 gold pieces at shops.

Inventory:

Missiles
 l - 2 throwing nets (quivered)
 w - 7 curare-tipped darts
Armour
 c - the +3 crown of Dyrovepreva (worn) {rElec Int+2 SInv}
   (You bought it in a shop on level 2 of the Orcish Mines)

   Int+2:     It affects your intelligence (+2).
   rElec:     It insulates you from electricity.
   SInv:      It lets you see invisible.
 s - a +2 pair of boots (worn)
 A - a +2 cloak (worn)
 D - a +2 chain mail of willpower (worn)
 S - a +0 kite shield (worn)
 U - +0 storm dragon scales
Jewellery
 i - a +4 ring of protection
 n - a +4 ring of slaying (left claw)
 q - a +6 ring of strength
 v - the ring "Toymefo" {+Blink rElec rPois Will+}
   (You took it off a minotaur on level 1 of the Orcish Mines)

   [ring of willpower]

   rElec:     It insulates you from electricity.
   rPois:     It protects you from poison Will+: It increases your willpower.
   +Blink:    It lets you blink.
 x - the ring "Trusted Companion" {^Contam rElec MP+9 Int+6}
   (You took it off a kobold on level 4 of the Dungeon)

   [ring of intelligence]

   Int+6:     It affects your intelligence (+6).
   rElec:     It insulates you from electricity.
   MP+9:      It affects your magic capacity (+9).
   ^Contam:   It causes magical contamination when unequipped.
 C - an amulet of guardian spirit (around neck)
 E - a ring of protection from fire
 I - a ring of resist corrosion
 T - a ring of flight (right claw)
Wands
 h - a wand of mindburst (6)
 j - a wand of polymorph (11)
 p - a wand of roots (30)
 y - a wand of charming (28)
 z - a wand of digging (8)
 B - a wand of acid (7)
 G - a wand of flame (44)
Scrolls
 a - 7 scrolls of identify
 d - 5 scrolls of poison
 m - 4 scrolls of revelation
 r - 2 scrolls of vulnerability
 t - 6 scrolls of enchant weapon
 u - 10 scrolls of fog
 K - 4 scrolls of fear
 L - 4 scrolls of teleportation
 N - a scroll of enchant armour
 P - a scroll of blinking
 Q - 2 scrolls of torment
 R - a scroll of immolation
Potions
 b - 4 potions of magic
 f - a potion of attraction
 g - 11 potions of curing
 k - a potion of enlightenment
 o - 5 potions of ambrosia
 F - 2 potions of might
 H - 4 potions of brilliance
 J - 3 potions of resistance
 M - 2 potions of cancellation
 O - a potion of haste


   Skills:
 + Level 16.1 Fighting
 - Level 10.0 Armour
 - Level 10.0 Dodging
 - Level 2.1 Stealth
 - Level 12.0 Shields
 - Level 20.0 Unarmed Combat
 - Level 1.7 Spellcasting
 - Level 3.6 Summonings
 - Level 11.7 Invocations


You had 20 spell levels left.
You didn't know any spells.
Your spell library contained the following spells:

 Spells                   Type           Power      Damage    Failure   Level
 Summon Small Mammal      Summ           48%        N/A       45%         1
 Call Imp                 Summ           24%        N/A       61%         2
 Call Canine Familiar     Summ           12%        N/A       83%         3
 Freeze                   Ice            4%         1d3       92%         1
 Kiss of Death            Conj/Necr      4%         2d5       92%         1
 Magic Dart               Conj           4%         1d3       92%         1
 Shock                    Conj/Air       4%         1d3       92%         1
 Slow                     Hex            4%         N/A       92%         1
 Sting                    Conj/Alch      4%         1d3       92%         1
 Blink                    Tloc           2%         N/A       98%         2
 Ensorcelled Hibernation  Hex/Ice        2%         N/A       98%         2
 Mercury Vapours          Alch/Air       2%         N/A       98%         2
 Scorch                   Fire           2%         2d5       98%         2
 Static Discharge         Conj/Air       2%         3-4/arc   98%         2
 Confusing Touch          Hex            1%         N/A       100%        3
 Dazzling Flash           Conj/Hex       2%         N/A       100%        3
 Frozen Ramparts          Ice            2%         1d1       100%        3
 Gell's Gravitas          Tloc           1%         N/A       100%        3
 Hailstorm                Conj/Ice       1%         3d5       100%        3
 Mephitic Cloud           Conj/Alch/Air  1%         N/A       100%        3
 Passwall                 Erth           1%         N/A       100%        3
 Sigil of Binding         Hex            1%         N/A       100%        3
 Swiftness                Air            1%         N/A       100%        3
 Teleport Other           Tloc           1%         N/A       100%        3
 Vampiric Draining        Necr           1%         2d6       100%        3
 Airstrike                Air            0%         2d(1-17)  100%        4
 Dispel Undead            Necr           1%         3d6       100%        4
 Olgreb's Toxic Radiance  Alch           1%         N/A       100%        4
 Summon Blazeheart Golem  Fire/Summ      6%         N/A       100%        4
 Summon Lightning Spire   Summ/Air       6%         N/A       100%        4
 Curse of Agony           Necr           1%         N/A       100%        5
 Silence                  Hex/Air        0%         N/A       100%        5
 Summon Forest            Summ/Tloc      3%         N/A       100%        5
 Summon Mana Viper        Hex/Summ       6%         N/A       100%        5
 Dispersal                Tloc           0%         N/A       100%        6
 Plasma Beam              Fire/Air       0%         2x1d10    100%        6
 Starburst                Conj/Fire      0%         6d3       100%        6
 Summon Cactus Giant      Summ           6%         N/A       100%        6


Dungeon Overview and Level Annotations

Branches:
Dungeon (15/15)            Temple (1/1) D:6            Lair (5/5) D:9
  Swamp (0/4) Lair:3        Snake (0/4) Lair:3        Slime (0/5) Lair:5
    Orc (2/2) D:10            Elf (3/3) Orc:2        Vaults (0/5) D:13
 Depths (0/4) D:15          Sewer (visited)

Altars:
Ashenzari
Cheibriados
Dithmenos
Fedhas
Gozag
Hepliaklqana
Kikubaaqudgha
Makhleb
Nemelex Xobeh
Okawaru
Qazlal
Ru
Sif Muna
Trog
Uskayaw
Vehumet
Wu Jian
Xom
Yredelemnul
Jiyva

Shops:
D:3 (   D:5 =   D:7 :[   D:12 *(   D:13 ?   Orc:2 ?[([   Elf:1 *=?

Portals:
Trove: D:10 (give +6 demon blade)

Annotations:
Elf:2 3 runed translucent doors


Innate Abilities, Weirdness & Mutations

You are immune to poison.
You have sharp fingernails.
Your flesh is cold resistant. (rC+)
You are immune to negative energy. (rN+++)
You do not regenerate when monsters are visible.
You are immune to unholy pain and torment.
You thrive by killing the living.


Message History

The deep elf death mage is heavily wounded.
The deep elf death mage hits you but does no damage.
You mangle the deep elf death mage!!
The deep elf death mage is almost dead.
You closely miss the deep elf death mage.
The deep elf death mage is almost dead.
The deep elf death mage beckons forth restless souls!
You mangle the deep elf death mage!!
Something assumes the form of the deep elf death mage and becomes anchored to this world!
The ghostly deep elf death mage hits you but does no damage.
You mangle the ghostly deep elf death mage!!
The ghostly deep elf death mage is moderately damaged.
You closely miss the ghostly deep elf death mage.
The ghostly deep elf death mage is moderately damaged.
The ghostly deep elf death mage hits you with a +0 short sword.
You eviscerate the ghostly deep elf death mage!!!
The ghostly deep elf death mage is almost destroyed.
You hear a shout!
The ghostly deep elf death mage beckons forth restless souls!
You claw the ghostly deep elf death mage!
You destroy the ghostly deep elf death mage!
The lost soul fades away!
You feel your strength returning.
You eviscerate the deep elf master archer!!!
The deep elf master archer is heavily wounded.
You miss the deep elf master archer.
The deep elf master archer is heavily wounded.
The deep elf master archer wields a +0 longbow.
The deep elf master archer shoots an arrow.
The arrow hits you!!
* * * LOW HITPOINT WARNING * * *
You hear a shout!
You barely miss the deep elf master archer.
The deep elf master archer is heavily wounded.
The deep elf master archer shoots an arrow.
The arrow hits you!!
* * * LOW HITPOINT WARNING * * *
The deep elf master archer shoots an arrow.
The arrow hits you!!
You die...

#.....# #.....#
#.....# #.....#
#.....# ##...##
#.....# #..####.#
#....^# #.......#
#.....# ##)#######
########.#######.e)e.#
.......# #e###e.#
.#.....# #e#@##e.#
.#..#### #.###.#..#
.....# #.# ###e*#
.....# #.# *.# .....#
#.#


ee# ...### ## ... ..## ..# .## You could see a deep elf master archer.

Vanquished Creatures
  Jorgrun (Orc:2)
  Rupert (D:14)
  A tentacled starspawn (Abyss:2)
  Agnes (D:14)
  Gastronok (D:12)
  4 deep elf sorcerers (Elf:3)
  2 orc warlords
  A deep elf elementalist (Elf:2)
  The ghost of Minsecho the Bludgeoner, a journeyman GrFi of Trog (Orc:2)
  Nessos (D:12)
  2 deep elf annihilators (Elf:3)
  2 deep elf death magi (Elf:3)
  A minotaur (Orc:1)
  Azrael (D:13)
  Josephine (Lair:3)
  A deep elf high priest (Elf:3)
  4 vault guards (D:13)
  2 spriggan air magi (Elf:2)
  4 ice dragons
  Harold (Orc:1)
  4 hydras
  A ghost crab (Lair:3)
  A catoblepas (Lair:2)
  A boulder beetle (D:15)
  3 centaur warriors
  19 dancing weapons
  2 death knights
  6 two-headed ogres
  3 thrashing horrors (Abyss:2)
  Urug (Orc:2)
  9 deep elf knights
  Sonja (D:9)
  A spectral death yak (Lair:3)
  2 skysharks
  Lodul (D:13)
  Nergalle (D:12)
  3 skeletal warriors (D:15)
  A shadow wraith (Abyss:2)
  2 wretched stars (Abyss:2)
  A bunyip zombie (Abyss:2)
  A swamp dragon (Lair:5)
  19 deep elf archers
  An orange crystal statue (D:15)
  5 orc knights
  A lindwurm (Lair:5)
  20 deep elf zephyrmancers
  3 phantasmal warriors
  30 deep elf pyromancers
  4 orc sorcerers
  2 lightning spires (Elf:2)
  6 ugly things (D:15)
  4 elephants (Lair:3)
  5 cyclopes
  3 meliai (D:13)
  5 manticores
  3 black mambas
  4 large abominations (Abyss:2)
  4 kobold blastminers (Orc:2)
  A cane toad (shapeshifter) (Elf:1)
  3 gargoyles
  3 smoke demons (Abyss:2)
  8 cane toads
  An orange demon (Abyss:2)
  13 rime drakes
  2 unseen horrors
  Jeremiah (D:9)
  An efreet (Abyss:2)
  12 komodo dragons
  A spectral skyshark (Lair:3)
  7 trolls
  A polar bear (Lair:5)
  4 freezing wraiths
  A queen bee (D:13)
  A queen bee (shapeshifter) (D:14)
  3 blink frogs (Lair:4)
  A hornet (D:4)
  A spectral dream sheep (Lair:3)
  A spectral black mamba (Lair:3)
  4 raiju (Abyss:2)
  3 slime creatures (D:12)
  10 air elementals
  92 yaks
  5 water elementals
  2 centaur simulacra (D:15)
  7 wraiths
  A shadow (D:13)
  A vampire (D:10)
  5 small abominations (Abyss:2)
  11 wyverns
  7 humans (D:13)
  Eustachio (D:3)
  A fire bat (shapeshifter) (D:15)
  4 wargs
  10 basilisks
  7 fire elementals
  A vampire mosquito (D:10)
  4 starcursed masses (Abyss:2)
  3 steam dragons
  A chaos spawn (Abyss:2)
  16 water moccasins
  2 acid dragons
  Duvessa (D:7)
  4 hell hounds
  24 orc warriors
  3 swamp drakes (Lair:5)
  3 ice beasts
  2 laughing skulls (D:13)
  14 ogres
  17 wolves
  13 centaurs
  2 weeping skulls (Abyss:2)
  A brain worm (Sewer)
  8 bullfrogs
  3 kobold brigands (Sewer)
  An earth elemental (Elf:1)
  A scorpion (D:6)
  5 wights (D:8)
  Dowan (D:7)
  A howler monkey (D:6)
  44 killer bees
  A howler monkey (shapeshifter) (D:15)
  An electric eel (Lair:1)
  3 lava snakes (Lair:3)
  7 hounds
  An iron imp (Abyss:2)
  3 jellies
  24 orc priests
  Jessica (D:2)
  5 hell rats
  11 iguanas
  2 sleepcaps
  26 orc wizards
  3 gnolls (D:5)
  10 adders
  A river rat (Sewer)
  3 shadow imps
  5 white imps
  3 ufetubi
  2 dart slugs
  4 ribbon worms
  90 orcs
  5 bats
  10 endoplasms
  5 giant cockroaches
  4 goblins
  4 hobgoblins
  12 kobolds
  3 quokkas
  10 ball pythons
  8 frilled lizards
  14 rats
  2 starspawn tentacles (Abyss:2)
911 creatures vanquished.

Vanquished Creatures (others)
  A vault guard (D:13)
  2 lightning spires (Elf:2)
  A deep elf zephyrmancer (Elf:2)
  A salamander (Lair:3)
  A water elemental (Elf:1)
  2 orcs (Orc:1)
8 creatures vanquished.

Grand Total: 919 creatures vanquished

Notes
Turn   | Place    | Note
-------+----------+-------------------------------------------
     0 | D:1      | SnakkuSnakku7 the Ghoul Summoner began the quest for the
                  | Orb.
     0 | D:1      | Reached XP level 1. HP: 14/14 MP: 3/3
   165 | D:1      | Reached skill level 1 in Fighting
   165 | D:1      | Reached skill level 1 in Unarmed Combat
   165 | D:1      | Reached XP level 2. HP: 19/23 MP: 4/4
   925 | D:2      | Reached XP level 3. HP: 25/29 MP: 5/5
   962 | D:2      | Noticed Jessica
   980 | D:2      | Killed Jessica
   981 | D:2      | Reached skill level 2 in Unarmed Combat
  1060 | D:2      | Reached XP level 4. HP: 30/37 MP: 6/6
  1170 | D:2      | Identified the +9 spear of Uneubao {drain, Stlth+}
  1625 | D:3      | Found a shimmering blue altar of Sif Muna.
  1786 | D:3      | Found Jezoschu's Antique Weapon Boutique.
  1943 | D:3      | Reached skill level 3 in Unarmed Combat
  2022 | D:3      | Reached XP level 5. HP: 41/45 MP: 7/7
  2393 | D:4      | Found a glowing drain.
  2408 | D:4      | Reached skill level 4 in Unarmed Combat
  2432 | Sewer    | Entered a sewer
  2637 | Sewer    | Noticed a kobold brigand
  2649 | Sewer    | Killed a kobold brigand
  2650 | Sewer    | Reached XP level 6. HP: 46/53 MP: 8/8
  2767 | Sewer    | Reached skill level 5 in Fighting
  2767 | Sewer    | Reached skill level 5 in Unarmed Combat
  2799 | Sewer    | Reached XP level 7. HP: 61/61 MP: 9/9
  2945 | Sewer    | Reached skill level 6 in Unarmed Combat
  2997 | D:4      | Noticed a hornet
  3010 | D:4      | Killed a hornet
  3011 | D:4      | Reached skill level 7 in Unarmed Combat
  3116 | D:4      | Noticed Eustachio
  3247 | D:3      | Killed Eustachio
  3248 | D:3      | Reached skill level 8 in Unarmed Combat
  3248 | D:3      | Reached XP level 8. HP: 46/68 MP: 10/10
  3467 | D:4      | Identified the ring "Trusted Companion" {^Contam rElec MP+9
                  | Int+6}
  3638 | D:5      | Entered Level 5 of the Dungeon
  3680 | D:5      | Reached skill level 9 in Unarmed Combat
  3736 | D:5      | Found Egampu's Jewellery Shoppe.
  3999 | D:5      | Reached skill level 10 in Unarmed Combat
  4250 | D:6      | Found a snail-covered altar of Cheibriados.
  4312 | D:6      | Found a staircase to the Ecumenical Temple.
  4317 | D:6      | Reached XP level 9. HP: 74/74 MP: 11/11
  4323 | Temple   | Entered the Ecumenical Temple
  4352 | D:6      | Reached skill level 11 in Unarmed Combat
  4362 | D:6      | Found a shadowy altar of Dithmenos.
  4782 | D:6      | Found a bloodstained altar of Trog.
  5260 | D:7      | Found a hide-covered altar of Uskayaw.
  5276 | D:7      | Became a worshipper of Uskayaw the Reveller
  5283 | D:7      | Found Pomaaca's Antique Armour Shoppe.
  5469 | D:7      | Found Miurr's Book Shoppe.
  5470 | D:7      | Noticed Dowan
  5471 | D:7      | Noticed Duvessa
  5472 | D:7      | Reached * piety under Uskayaw
  5478 | D:7      | Killed Duvessa
  5478 | D:7      | Reached ** piety under Uskayaw
  5479 | D:7      | Reached skill level 12 in Unarmed Combat
  5484 | D:7      | Reached *** piety under Uskayaw
  5485 | D:7      | Killed Dowan
  5486 | D:7      | Reached skill level 1 in Invocations
  6062 | D:7      | Bought a runed chain mail for 210 gold pieces
  6207 | D:7      | Reached skill level 5 in Invocations
  6380 | D:8      | Reached **** piety under Uskayaw
  6510 | D:8      | Reached XP level 10. HP: 72/81 MP: 15/15
  6566 | D:8      | Reached ***** piety under Uskayaw
  6725 | D:9      | Noticed a two-headed ogre
  6733 | D:9      | Killed a two-headed ogre
  6807 | D:9      | Noticed Jeremiah
  7089 | D:9      | Killed Jeremiah
  7099 | D:9      | Reached skill level 10 in Invocations
  7108 | D:9      | Reached skill level 1 in Armour
  7471 | D:8      | Reached skill level 5 in Armour
  7545 | D:9      | Reached XP level 11. HP: 68/86 MP: 18/18
  7642 | D:9      | Found a staircase to the Lair.
  7949 | D:10     | Entered Level 10 of the Dungeon
  7986 | D:10     | Found a staircase to the Orcish Mines.
  8115 | D:10     | Found a portal to a secret trove of treasure.
  8208 | D:10     | Found a radiant altar of Vehumet.
  8286 | D:10     | Noticed a phantasmal warrior
  8313 | D:10     | Killed a phantasmal warrior
  8499 | D:10     | Noticed a two-headed ogre
  8510 | D:10     | Killed a two-headed ogre
  8713 | D:10     | Found a hide-covered altar of Uskayaw.
  8713 | D:10     | Noticed a deep elf pyromancer
  8728 | D:10     | Killed a deep elf pyromancer
  8959 | D:10     | Found a basalt altar of Yredelemnul.
  9132 | D:10     | Noticed a death knight
  9132 | D:10     | Noticed a phantasmal warrior
  9173 | D:9      | Killed a death knight
  9439 | D:10     | Killed a phantasmal warrior
  9701 | Lair:1   | Entered Level 1 of the Lair of Beasts
  9701 | Lair:1   | Noticed Sonja
  9718 | D:9      | Reached skill level 10 in Armour
  9737 | D:9      | Killed Sonja
  9930 | Lair:1   | Reached XP level 12. HP: 95/97 MP: 19/19
  9945 | Lair:1   | Reached ****** piety under Uskayaw
 10150 | Lair:1   | Identified the +1 helmet "Ehuvvuxa" {rC+}
 11039 | Lair:2   | Reached skill level 10 in Fighting
 11275 | Lair:2   | Reached skill level 5 in Dodging
 11307 | Lair:2   | Noticed a catoblepas
 11319 | Lair:2   | Killed a catoblepas
 11847 | Lair:3   | Reached XP level 13. HP: 113/113 MP: 18/20
 12471 | Lair:3   | Reached skill level 10 in Dodging
 12568 | Lair:3   | Found a staircase to the Swamp.
 12613 | Lair:3   | Found a staircase to the Snake Pit.
 12887 | Lair:4   | Noticed Josephine
 12941 | Lair:3   | Killed Josephine
 13300 | Lair:4   | Identified the +4 hand axe of Qazlal's Supremacy {freeze,
                  | *Noise rElec rF+++ Int-5}
 13311 | Lair:4   | Reached skill level 13 in Unarmed Combat
 13923 | Lair:4   | Reached skill level 14 in Unarmed Combat
 14353 | Lair:4   | Reached XP level 14. HP: 114/121 MP: 18/21
 14507 | Lair:5   | Entered Level 5 of the Lair of Beasts
 14507 | Lair:5   | Found a viscous altar of Jiyva.
 14507 | Lair:5   | Found a staircase to the Slime Pits.
 14689 | Lair:5   | Reached skill level 15 in Unarmed Combat
 15075 | Lair:5   | Reached skill level 16 in Unarmed Combat
 16435 | D:11     | Reached skill level 17 in Unarmed Combat
 16907 | Orc:1    | Entered Level 1 of the Orcish Mines
 16929 | Orc:1    | Noticed Harold
 16947 | Orc:1    | Noticed an orc warlord
 16951 | Orc:1    | Killed Harold
 17387 | Orc:1    | Killed an orc warlord
 17573 | Orc:2    | Entered Level 2 of the Orcish Mines
 17573 | Orc:2    | Found a runed translucent gate.
 17573 | Orc:2    | Found a runed translucent gate.
 17573 | Orc:2    | Found a runed translucent gate.
 17582 | Orc:2    | Noticed Urug
 17596 | Orc:2    | Killed Urug
 17703 | Orc:2    | Identified the ring "Toymefo" {+Blink rElec rPois Will+}
 17722 | Orc:2    | Noticed Minsecho's ghost (journeyman GrFi)
 18210 | Orc:2    | Reached skill level 18 in Unarmed Combat
 18211 | Orc:2    | Found Ogiasola's Antique Armour Emporium.
 18216 | Orc:2    | Bought a pair of runed boots for 172 gold pieces
 18387 | Orc:2    | Found a staircase to the Elven Halls.
 18644 | Orc:2    | Found Bilar's Magic Scroll Shop.
 18652 | Orc:2    | Bought a scroll of enchant weapon for 97 gold pieces
 18652 | Orc:2    | Bought a scroll of acquirement for 676 gold pieces
 18652 | Orc:2    | Bought a scroll of fear for 52 gold pieces
 18652 | Orc:2    | Bought 2 scrolls of fear for 104 gold pieces
 18652 | Orc:2    | Bought a scroll of fear for 52 gold pieces
 18652 | Orc:2    | Bought a scroll of fear for 52 gold pieces
 19014 | Orc:1    | Acquired 1212 gold pieces
 19237 | Orc:2    | Killed Minsecho's ghost
 19238 | Orc:2    | Reached XP level 15. HP: 37/126 MP: 7/22
 19414 | Orc:2    | Noticed an orc warlord
 19434 | Orc:2    | Killed an orc warlord
 19722 | Orc:2    | Found Qiatew's Antique Weapon Shop.
 19727 | Orc:2    | Found Poutunn's Antique Armour Boutique.
 19735 | Orc:2    | Bought the +3 crown of Dyrovepreva {rElec Int+2 SInv} for
                  | 1366 gold pieces
 19735 | Orc:2    | Found the +3 crown of Dyrovepreva {rElec Int+2 SInv}
 19903 | D:12     | Found Qireacwo's Weapon Emporium.
 19920 | D:12     | Noticed Gastronok
 19927 | D:12     | Killed Gastronok
 19928 | D:12     | Reached skill level 19 in Unarmed Combat
 19989 | D:12     | Found Miguemn's Assorted Antiques.
 19998 | D:12     | Bought a scroll labelled CETWAY NUCA for 31 gold pieces
 19998 | D:12     | Bought a scroll of fog for 124 gold pieces
 19998 | D:12     | Bought a scroll of teleportation for 93 gold pieces
 19998 | D:12     | Bought an emerald potion for 27 gold pieces
 20065 | D:12     | Identified the +10 quarterstaff "Voecroiw" {freeze, rF++
                  | SInv}
 20107 | D:12     | Noticed Nergalle
 20118 | D:12     | Killed Nergalle
 20557 | D:12     | Identified the +1 battleaxe of Undoing {flame, +Blink
                  | Will+}
 20687 | D:12     | Noticed Nessos
 20700 | D:12     | Killed Nessos
 20906 | D:13     | Found a shadowy altar of Dithmenos.
 20965 | D:13     | Noticed Azrael
 21165 | D:13     | Killed Azrael
 21215 | D:13     | Reached skill level 20 in Unarmed Combat
 21228 | D:13     | Found Waanosol's Magic Scroll Shop.
 21245 | D:13     | Noticed Lodul
 21254 | D:13     | Killed Lodul
 21271 | D:13     | Bought a scroll of torment for 142 gold pieces
 21271 | D:13     | Bought a scroll of teleportation for 45 gold pieces
 21271 | D:13     | Bought a scroll of immolation for 60 gold pieces
 21271 | D:13     | Bought a scroll of enchant weapon for 112 gold pieces
 21648 | D:13     | Reached XP level 16. HP: 139/139 MP: 23/23
 21854 | D:13     | Found a gate to the Vaults.
 21914 | D:14     | Reached skill level 1 in Shields
 22029 | D:14     | Found a sparkling altar of Nemelex Xobeh.
 22095 | D:14     | Noticed Rupert
 22147 | D:14     | Killed Rupert
 22268 | D:14     | Noticed Agnes
 22277 | D:14     | Killed Agnes
 22826 | D:15     | Entered Level 15 of the Dungeon
 22943 | D:15     | Reached skill level 5 in Shields
 23308 | D:15     | Reached XP level 17. HP: 48/146 MP: 9/25
 23314 | D:15     | Found a staircase to the Depths.
 23364 | D:15     | Found a gateway to a bazaar.
 23593 | Bazaar   | Entered a bazaar
 23594 | Bazaar   | Found Ukynt's Weapon Boutique.
 23613 | Bazaar   | Found Roky's Assorted Antiques.
 23621 | Bazaar   | Found Cannonegg's Armour Shoppe.
 23631 | Bazaar   | Found Gysyvif's General Store.
 23660 | Bazaar   | Bought a scroll of fog for 96 gold pieces
 23660 | Bazaar   | Bought a scroll of teleportation for 72 gold pieces
 23681 | Bazaar   | Bought a scroll of teleportation for 27 gold pieces
 23681 | Bazaar   | Bought a potion of haste for 90 gold pieces
 24733 | D:15     | Got the Discursus on Variable Combustion
 24942 | Elf:1    | Entered Level 1 of the Elven Halls
 25879 | Elf:1    | Found Cugileic's Jewellery Emporium.
 25879 | Elf:1    | Found Hukunn's General Store.
 25910 | Elf:1    | Noticed Jorgrun
 26247 | Orc:2    | Killed Jorgrun
 26627 | Elf:1    | Reached skill level 10 in Shields
 27292 | Elf:1    | Found The Oracle's Delphic Readings.
 27301 | Elf:1    | Bought a scroll of revelation for 97 gold pieces
 28548 | Elf:2    | Found a runed translucent gate.
 28549 | Elf:2    | Found a runed translucent gate.
 28550 | Elf:2    | Found a runed translucent gate.
 28628 | Elf:2    | Found a runed translucent door.
 28681 | Elf:2    | Identified the +2 leather armour of Trumpets {Will- rCorr
                  | Str+2}
 28900 | Elf:2    | Paralysed by an air elemental for 1 turns
 28904 | Elf:2    | Paralysed by an air elemental for 1 turns
 28911 | Elf:2    | Paralysed by an air elemental for 1 turns
 28918 | Elf:2    | Paralysed by an air elemental for 1 turns
 28923 | Elf:2    | Paralysed by an air elemental for 1 turns
 29174 | Elf:2    | Paralysed by an air elemental for 1 turns
 29183 | Elf:2    | Paralysed by an air elemental for 1 turns
 29186 | Elf:2    | Reached XP level 18. HP: 140/156 MP: 23/26
 29545 | Elf:3    | Entered Level 3 of the Elven Halls
 30219 | Elf:3    | Noticed a deep elf master archer
 30235 | Elf:3    | Reached skill level 15 in Fighting
 30240 | Abyss:2  | Cast into level 2 of the Abyss (a deep elf sorcerer)
 30802 | Elf:3    | Escaped the Abyss
 30816 | Elf:3    | HP: 6/166 [deep elf master archer/arrow (16)]
 30816 | Elf:3    | Shot with an arrow by a deep elf master archer

Illustrated notes

Levels and vault maps discovered:
D:1:      nicolae_arrival_escape_room, layout_loops_corners,
          hangedman_decor_clover_reticule, due_unseen_surprise
D:2:      layout_rooms, uniq_jessica
D:3:      layout_loops_ring, mainiacjoe_overflow_boulevard, zin_academy,
          serial_shops, nicolae_shop_competitors_out_of_business,
          kennysheep_cross_bottleneck
D:4:      layout_cave_pools, cheibrodos_sewer_entry_drain, minmay_checkerbox,
          uniq_eustachio
D:5:      minmay_evil_eye, layout_cave_pools, st_stairs_14,
          minmay_shop_enchanted_jewellery
D:6:      layout_basic, old_standard_altar, general_overflow_altar,
          mainiacjoe_overflow_alcove_1, minmay_temple_entry_statues_fountains
D:7:      layout_loops_ring, lemuel_doored_altar, serial_shops, shop, shop,
          uniq_duvessa
D:8:      layout_rooms
D:9:      layout_cave_pools, dpeg_oklobed_lair, uniq_jeremiah
D:10:     layout_roguey, nicolae_vehumet_altar_sigil, trove_entry_hex_spiral,
          serial_library, serial_library_regret_index_small_wings,
          serial_library_hellmonk_hallway_a,
          serial_library_hellmonk_recessed_alcove,
          serial_library_hellmonk_u_bend, serial_library_hellmonk_small_corner,
          serial_library_hellmonk_semicircle,
          serial_library_hellmonk_secret_room, hangedman_feature_mirror,
          minmay_lizard_king
D:11:     minmay_inner_zag, layout_loops_ring
D:12:     layout_basic, serial_shops, shop, nicolae_shop_just_a_little_nook,
          nicolae_hexahallways, uniq_nergalle, uniq_gastronok, uniq_nessos
D:13:     layout_loops_ring, ximxim_vaults_locker_room, serial_shops,
          nicolae_shop_getting_attention, special_room [special_room_bee],
          grunt_dithmenos_smoke_and_mirrors, uniq_lodul, uniq_azrael
D:14:     layout_rooms, minmay_staircase_statues, nemelex_spade_bored_becter,
          uniq_agnes, uniq_rupert
D:15:     grunt_enter_depths_hoard, layout_cave_pods, minmay_misc_feat_tower,
          serial_shops, statue_bzr, serial_ice, serial_ice_e, serial_ice_a,
          serial_ice_h, serial_ice_c, minivault_12
Temple:   bh_familiar_temple
Lair:1:   layout_long_grid, dreamdust_mushroom_princess, grunt_megastairs_3,
          infiniplex_staircase_pool, lemuel_fruit_fields, uniq_sonja
Lair:2:   layout_concentric_octagons, minivault_11, st_stairs_10
Lair:3:   layout_cave_shapes, nicolae_swamp_entry_spooky,
          nicolae_snake_entry_warm_welcome
Lair:4:   layout_gridlike, special_room [special_room_mythical_zoo],
          serial_bayou_shore_a, uniq_josephine
Lair:5:   guppyfry_lair_end_dragon, layout_small_grid, slime_entry_1
Orc:1:    layout_caves, uniq_harold
Orc:2:    grunt_orc_community_town_hall, layout_diamond_mine,
          grunt_orc_community_big_house_2, grunt_orc_community_big_house_2,
          grunt_orc_community_house_2, grunt_orc_community_house_1,
          grunt_orc_community_house_3, grunt_orc_community_house_2,
          maelrawn_ghost_gauntlet_escape, nicolae_orc_bridge_out, uniq_urug
Elf:1:    minmay_elf_arrival_summoners, layout_gridlike, minivault_28,
          nicolae_nh_oracle_at_delphi, minmay_shoptagon, uniq_jorgrun
Elf:2:    nicolae_elf_blades_splatter_lattice [mumra_blade_entry_bloodbath],
          layout_loops_cross, hangedman_aerie_drop
Elf:3:    minmay_elf_hall_x, layout_loops_cross

Skill      XL: |  1  2  3  4  5  6  7  8  9 10 11 12 13 14 15 16 17 18 |
---------------+-------------------------------------------------------+-----
Fighting       | 1 2 3 4 5 6 10 11 12 16 | 16.1
Unarmed Combat | 1 2 3 4 5 8 10 12 14 18 20 | 20.0
Invocations    | 7 10 11 | 11.7
Armour         | 5 10 | 10.0
Dodging        | 7 10 | 10.0
Shields        | 6 12 | 12.0
Stealth        | |  2.1
Spellcasting   | |  1.7
Summonings     | |  3.6

Action                     |  1- 3 |  4- 6 |  7- 9 | 10-12 | 13-15 | 16-18 || total
---------------------------+-------+-------+-------+-------+-------+-------++-------
  Melee: Unarmed           |   136 |   179 |   282 |   522 |  1144 |   997 ||  3260
         Punch             |     3 |     2 |    12 |    46 |   127 |    21 ||   211
 Invoke: Grand Finale      |       |       |       |       |     1 |       ||     1
  Evoke: Wand              |       |       |       |     3 |     5 |     5 ||    13
    Use: Scroll            |       |       |       |    10 |    22 |     6 ||    38
         Potion            |       |       |       |     1 |     7 |     6 ||    14
   Stab: Paralysed         |       |       |     5 |    49 |    76 |    80 ||   210
         Petrified         |       |       |       |     4 |       |       ||     4
 Armour: Robe              |    34 |       |       |       |       |       ||    34
         Leather armour    |    38 |       |       |       |       |       ||    38
         Ring mail         |    17 |    89 |   169 |       |       |       ||   275
         Chain mail        |       |       |    68 |   525 |  1114 |   849 ||  2556
  Dodge: Dodged            |    98 |    58 |   134 |   190 |   500 |   335 ||  1315
  Block: Other             |       |    25 |    39 |       |       |       ||    64
         Reflection        |       |     2 |       |       |       |       ||     2
         Kite shield       |       |       |       |       |       |   311 ||   311
